 Dungeon Crawl Stone Soup version 0.31-a0-743-g45f7035092 (webtiles) character file.

Game seed: 5550384204760659611

1492 pokeman the Thaumaturge (level 8, -2/44 HPs)
             Began as a Deep Elf Hedge Wizard on Sept 13, 2023.
             Was a Follower of Vehumet.
             Slain by a yak (9 damage)
             ... on level 5 of the Dungeon.
             The game lasted 00:07:43 (4798 turns).

pokeman the Thaumaturge (Deep Elf Hedge Wizard)     Turns: 4798, Time: 00:07:44

Health: -2/44      AC:  4    Str:  7    XL:     8   Next: 51%
Magic:  0/22       EV: 13    Int: 22    God:    Vehumet [*.....]
Gold:   282        SH:  0    Dex: 14    Spells: 16/24 levels left

rFire   + . .        f - +0 dagger (venom)
rCold   . . .        (no shield)
rNeg    . . .        b - +0 robe
rPois   .            c - +0 hat
rElec   .            o - +0 cloak
rCorr   .            (no gloves)
SInv    .            e - +0 pair of boots
Will    .....        (no amulet)
Stlth   +++          m - ring of protection from fire
HPRegen 0.27/turn    (no ring)
MPRegen 0.18/turn

%: no passive effects
@: no status effects
A: no striking features
a: Renounce Religion


You were on level 5 of the Dungeon.
You worshipped Vehumet.
Vehumet was aware of your devotion.
You visited 1 branch of the dungeon, and saw 5 of its levels.

You collected 312 gold pieces.
You spent 30 gold pieces at shops.

Inventory:

Hand Weapons
 f - a +0 dagger of venom (weapon)
 n - a +3 quarterstaff of chaos
Armour
 b - a +0 robe (worn)
 c - a +0 hat (worn)
 e - a +0 pair of boots (worn)
 o - a +0 cloak (worn)
Jewellery
 m - a ring of protection from fire (left hand)
Scrolls
 a - 2 scrolls of enchant weapon {unknown}
 i - 2 scrolls of identify {unknown}
 k - a scroll of enchant armour {unknown}
 l - a scroll of immolation {unknown}
 r - a scroll of teleportation
 t - a scroll of summoning {unknown}
 u - a scroll of vulnerability {unknown}
Potions
 d - a potion of magic
 g - 3 potions of attraction {unknown}
 h - 3 potions of curing {unknown}
 j - a potion of heal wounds {unknown}
 p - a potion of might {unknown}
 q - a potion of mutation {unknown}
 s - a potion of enlightenment {unknown}


   Skills:
 - Level 1.7 Fighting
 - Level 1.7 Armour
 - Level 4.1 Dodging
 - Level 4.0 Stealth
 * Level 8.8 Spellcasting
 + Level 7.3 Conjurations
 - Level 1.1 Summonings
 - Level 1.1 Translocations
 + Level 1.6 Air Magic
 + Level 1.9 Poison Magic


You had 16 spell levels left.
You knew the following spells:

 Your Spells              Type           Power      Damage    Failure   Level
a - Magic Dart            Conj           100%       1d8       1%          1
b - Mephitic Cloud        Conj/Pois/Air  25%        N/A       4%          3
c - Call Imp              Summ           28%        N/A       7%          2
d - Blink                 Tloc           28%        N/A       7%          2

Your spell library contained the following spells:

 Spells                   Type           Power      Damage    Failure   Level
 Freeze                   Ice            36%        1d5       7%          1
 Cigotuvi's Dreadful Rot  Necr/Pois/Air  28%        N/A       6%          2
 Slow                     Hex            36%        N/A       7%          1
 Sublimation of Blood     Necr           9%         N/A       11%         2
 Wereblood                Tmut           9%         N/A       11%         2
 Inner Flame              Hex/Fire       9%         N/A       21%         3
 Yara's Violent Unravell  Hex/Tmut       4%         3d4       88%         5
 Enfeeble                 Hex            4%         N/A       100%        7
 Summon Hydra             Summ           7%         N/A       100%        7


Dungeon Overview and Level Annotations

Branches:
Dungeon (5/15)
 Temple: D:4-7

Altars:
Dithmenos
Elyvilon
Hepliaklqana
Qazlal
Sif Muna
Vehumet
Yredelemnul

Shops:
D:1 (   D:3 *

Annotations:
D:3 2 transporters, Age's ghost, weakling MiFi
D:4 3 runed translucent doors, blessed's ghost, amateur MiBe


Message History

Press: ? - help, Shift-Dir - straight line, f/p - orc
Aim: an orc, wielding a +0 trident, wearing a +0 leather armour and quivering stones (almost dead, 100% to hit)
The magic dart hits the orc.
You kill the orc!
Vehumet accepts your kill.
The yak seems less confused.
The yak barely misses you.
You barely miss the yak.
The yak is severely wounded.
The yak gores you!
* * * LOW HITPOINT WARNING * * *
The yak completely misses the yak.
Unknown command.
Casting: Magic Dart (safe; 1% risk of failure)
Confirm with . or Enter, or press ? or * to list all spells.
You blink.
Unknown command.
Casting: Blink (safe; 7% risk of failure)
Confirm with . or Enter, or press ? or * to list all spells.
You don't have enough magic to cast this spell.
Unknown command.
You feel stable enough to blink again.
Casting: Blink (safe; 7% risk of failure)
Confirm with . or Enter, or press ? or * to list all spells.
Aiming: Magic Dart (safe; 1% risk of failure)
Press: ? - help, Shift-Dir - straight line, f - yak
Aim: a yak (almost dead, very poisoned, 100% to hit)
The magic dart hits the yak but does no damage.
The yak is almost dead.
Casting: Magic Dart (safe; 1% risk of failure)
Confirm with . or Enter, or press ? or * to list all spells.
Aiming: Magic Dart (safe; 1% risk of failure)
Press: ? - help, Shift-Dir - straight line, f/p - yak
Aim: a yak (almost dead, very poisoned, 100% to hit)
The magic dart hits the yak but does no damage.
The yak is almost dead.
Unknown command.
You closely miss the yak.
The yak is almost dead.
The yak gores you!
You die...

## ^..^≈ #^###§..# #
#.≈^#^.^###.#
#^≈#^...#.#^#
##^....(..^.^##
#......_......#.#
#..≈^§^..§≈......
#.≈.##...§§#^...#
#@.^#§≈..###.....
#Y^≈##...^^#.....
#..≈≈(^...........
##.####.....#.....
#.# ###...#....
##.#####..#..<.#
###....##..###..##.
#.......##..##..#...
##..................


You could see a yak (very poisoned).

Vanquished Creatures
  Pikel (D:4)
  Grinder (D:4)
  Sigmund (D:2)
  2 yaks (D:5)
  A black bear (D:5)
  A lemure (D:4)
  A scorpion (D:5)
  An orc priest (D:4)
  A hound (D:4)
  Crazy Yiuf (D:2)
  8 gnolls
  A white imp (D:4)
  A dart slug (D:1)
  5 orcs
  6 ball pythons
  4 bats
  7 endoplasms
  3 giant cockroaches (D:1)
  6 goblins
  9 hobgoblins
  5 quokkas
  4 frilled lizards
  10 kobolds
  7 rats
87 creatures vanquished.

Notes
Turn   | Place    | Note
-------+----------+-------------------------------------------
     0 | D:1      | pokeman the Deep Elf Hedge Wizard began the quest for the
                  | Orb.
     0 | D:1      | Reached XP level 1. HP: 10/10 MP: 7/7
   203 | D:1      | Reached XP level 2. HP: 13/16 MP: 3/9
   383 | D:1      | Found Kicamoecs's Weapon Shop.
   642 | D:1      | Found a faded altar of an unknown god.
  1108 | D:2      | Reached skill level 5 in Spellcasting
  1543 | D:2      | Reached XP level 3. HP: 20/20 MP: 6/11
  1547 | D:2      | Learned a level 3 spell: Mephitic Cloud
  1550 | D:2      | Learned a level 2 spell: Call Imp
  1553 | D:2      | Learned a level 2 spell: Blink
  1917 | D:2      | Noticed Sigmund
  1929 | D:2      | Killed Sigmund
  1930 | D:2      | Reached skill level 1 in Fighting
  1930 | D:2      | Reached skill level 1 in Armour
  1930 | D:2      | Reached skill level 6 in Spellcasting
  1930 | D:2      | Reached XP level 4. HP: 7/26 MP: 7/14
  1930 | D:2      | Reached XP level 5. HP: 8/30 MP: 7/15
  2118 | D:2      | Found a runed translucent door.
  2119 | D:2      | Noticed Crazy Yiuf
  2345 | D:2      | Killed Crazy Yiuf
  2661 | D:3      | Found a transporter.
  2666 | D:3      | Identified the +3 buckler of Baldness {Fly Will++ Dex-5
                  | Stlth+}
  2723 | D:3      | Noticed Age's ghost (weakling MiFi)
  2741 | D:3      | Found a transporter.
  3004 | D:3      | Found Luurit's General Store.
  3007 | D:3      | Bought a scroll of teleportation for 30 gold pieces
  3439 | D:4      | Reached XP level 6. HP: 35/35 MP: 12/17
  3576 | D:4      | Found a shimmering blue altar of Sif Muna.
  3658 | D:4      | Found a radiant altar of Vehumet.
  3664 | D:4      | Became a worshipper of Vehumet
  3730 | D:4      | Found a shadowy altar of Dithmenos.
  3760 | D:4      | Reached skill level 7 in Spellcasting
  3851 | D:4      | Found a white marble altar of Elyvilon.
  3855 | D:4      | Noticed Grinder
  3868 | D:4      | Killed Grinder
  3869 | D:4      | Reached XP level 7. HP: 39/39 MP: 7/20
  3983 | D:4      | Found a runed translucent gate.
  3985 | D:4      | Found a runed translucent gate.
  3986 | D:4      | Found a runed translucent gate.
  3986 | D:4      | Noticed blessed's ghost (amateur MiBe)
  4174 | D:4      | Found a basalt altar of Yredelemnul.
  4192 | D:4      | Found a hazy altar of Hepliaklqana.
  4431 | D:4      | Noticed Pikel
  4447 | D:4      | Killed Pikel
  4448 | D:4      | Reached XP level 8. HP: 43/44 MP: 15/21
  4639 | D:5      | Entered Level 5 of the Dungeon
  4709 | D:5      | Found a stormy altar of Qazlal.
  4774 | D:5      | Reached skill level 8 in Spellcasting
  4774 | D:5      | Reached skill level 1 in Poison Magic
  4779 | D:5      | Reached * piety under Vehumet
  4779 | D:5      | Offered knowledge of Freeze by Vehumet.
  4780 | D:5      | Reached skill level 1 in Air Magic
  4798 | D:5      | Slain by a yak

Illustrated notes

Levels and vault maps discovered:
D:1:      grunt_arrival_crossed_arrows, layout_basic, serial_shops, shop,
          hellmonk_ecumenical_altar_slurped_away, minmay_pentomino_x4
D:2:      layout_basic, uniq_sigmund, uniq_crazy_yiuf_cottage
D:3:      layout_rooms, serial_shops, nicolae_shop_behind_doors,
          gammafunk_ghost_gnarly_gnolls, kennysheep_small_spiral
D:4:      layout_gridville, mainiacjoe_overflow_tiny_flanked,
          mainiacjoe_overflow_catwalk, mainiacjoe_overflow_alcove_2,
          grunt_dithmenos_smoke, mainiacjoe_overflow_catwalk_spiral,
          gammafunk_ghost_necromancy, uniq_grinder, uniq_pikel
D:5:      layout_cave_pools, grunt_qazlal_sundering, serial_gnoll_camp,
          gnoll_camp_huts_basic, gnoll_camp_medium_02, gnoll_camp_mini_hut,
          gnoll_camp_mini_basic

Skill      XL: |  1  2  3  4  5  6  7  8 |
---------------+-------------------------+-----
Spellcasting   | 5 6 7 8 |  8.8
Fighting       | 1 |  1.7
Armour         | 1 |  1.7
Conjurations   | 2 3 6 7 |  7.3
Stealth        | 3 4 |  4.0
Dodging        | 3 4 |  4.1
Poison Magic   | 1 |  1.9
Air Magic      | 1 |  1.6
Summonings     | |  1.1
Translocations | |  1.1

Action                     |  1- 3 |  4- 6 |  7- 9 || total
---------------------------+-------+-------+-------++-------
  Melee: Dagger            |    11 |    21 |    27 ||    59
   Cast: Magic Dart        |    76 |    70 |    35 ||   181
         Mephitic Cloud    |     2 |     5 |     9 ||    16
         Blink             |       |     1 |     1 ||     2
         Call Imp          |       |     1 |       ||     1
   Stab: Confused          |     1 |     3 |     5 ||     9
 Armour: Robe              |    10 |    12 |    20 ||    42
  Dodge: Dodged            |    10 |    11 |    34 ||    55

Table legend: (Time is in decaauts)
 A = Elapsed time spent in this place.
 B = Non-inter-level travel time spent in this place.
 C = Inter-level travel time spent in this place.
 D = Time resting spent in this place.
 E = Time spent auto-exploring this place.
 F = Levels seen in this place.
 G = Mean time per level.
                   A        B        C        D        E       F      G
               +--------+--------+--------+--------+--------+-----+--------+
         Total |   4799 |   4640 |    159 |    152 |   3951 |   5 |  959.8 |
       Dungeon |   4799 |   4640 |    159 |    152 |   3951 |   5 |  959.8 |
               +--------+--------+--------+--------+--------+-----+--------+

Top non-repeatable levels by time:
     D:2: 1357 daAuts
     D:4: 1312 daAuts
     D:1: 1086 daAuts
     D:3: 919 daAuts
     D:5: 124 daAuts
